3AAA
NOLENSVILLE KNIGHTS @ PENNSAUKEN FLYERS
07/30/2042
 
TOP OF THE 1ST
Nolensville Knights batting - Pitching for Pennsauken Flyers : RHP Scott Alexander
Pitching: RHP Scott Alexander
Batting: LHB Jorge Mateu 0-0: Ball
1-0: Foul Ball, location: 2F
1-1: Ball
2-1: Ground out 6-3 (Groundball, 6M, EV 104.4 MPH)
Batting: RHB Nick McGhee 0-0: Ball
1-0: Swinging Strike
1-1: Ball
2-1: Ball
3-1: Foul Ball, location: 2F
3-2: Base on Balls
Batting: LHB Russell Hamilton 0-0: Ball
1-0: Grounds into double play, 4-6-3 (Groundball, 34, EV 101.2 MPH)
Top of the 1st over - 0 runs, 0 hits, 0 errors, 0 left on base; Nolensville 0 - Pennsauken 0
BOTTOM OF THE 1ST
Pennsauken Flyers batting - Pitching for Nolensville Knights : RHP Greg Poe
Pitching: RHP Greg Poe
Batting: RHB Manuel Vallejo 0-0: SINGLE (Groundball, 34D, EV 100.6 MPH)
Batting: LHB Xiao-gang Qing 0-0: Ball
1-0: Called Strike
Manuel Vallejo steals 2nd base
1-1: Foul Ball, location: 2F
1-2: Strikes out swinging
Batting: LHB Ethan Duffy 0-0: Ball
1-0: Ball
2-0: Ball
3-0: Base on Balls
Batting: RHB Alain Grosjean 0-0: Called Strike
0-1: Fly out, F7 (Flyball, 7LM, EV 76.9 MPH)
Batting: LHB Rafael Barrueco 0-0: Foul Ball, location: 2F
0-1: Called Strike
0-2: Ground out 1-3 (Groundball, 15S, EV 74.4 MPH)
Bottom of the 1st over - 0 runs, 1 hit, 0 errors, 2 left on base; Nolensville 0 - Pennsauken 0
TOP OF THE 2ND
Nolensville Knights batting - Pitching for Pennsauken Flyers : RHP Scott Alexander
Batting: RHB Omar Luoa 0-0: Ball
1-0: Foul Ball, location: 2F
1-1: Swinging Strike
1-2: Strikes out looking
Batting: RHB Dale Goodman 0-0: Ball
1-0: Fly out, F6 (Popup, 4M, EV 61.9 MPH)
Batting: LHB Juan Jimínez 0-0: Ball
1-0: SINGLE (Line Drive, 89M, EV 98.1 MPH)
Batting: RHB Juan Perales 0-0: Called Strike
0-1: Ground out 6-3 (Groundball, 6S, EV 81.2 MPH)
Top of the 2nd over - 0 runs, 1 hit, 0 errors, 1 left on base; Nolensville 0 - Pennsauken 0
BOTTOM OF THE 2ND
Pennsauken Flyers batting - Pitching for Nolensville Knights : RHP Greg Poe
Batting: RHB Bras Castanheta 0-0: Ball
1-0: Foul Ball, location: 2F
1-1: Foul Ball, location: 2F
1-2: Ball
2-2: Ball
3-2: Base on Balls
Batting: SHB Obke Preesman 0-0: Ball
1-0: Swinging Strike
1-1: Called Strike
1-2: Strikes out looking
Batting: RHB Dana O'Quinlevan 0-0: Called Strike
0-1: Reached on error, E6 (Groundball, 6, EV 104.4 MPH)
Bras Castanheta to second
Batting: RHB Juan Vázquez 0-0: Fielders Choice at 2nd, 6-4 (Groundball, 6, EV 87.5 MPH)
Bras Castanheta to third
Batting: RHB Manuel Vallejo 0-0: Foul Ball, location: 2F
0-1: Ball
1-1: Called Strike
1-2: Ball
2-2: SINGLE (Groundball, 56D, EV 106.2 MPH)
Bras Castanheta scores
Juan Vázquez to second
Batting: LHB Xiao-gang Qing 0-0: Swinging Strike
0-1: Foul Ball, location: 2F
0-2: Strikes out swinging
Bottom of the 2nd over - 1 run, 1 hit, 1 error, 2 left on base; Nolensville 0 - Pennsauken 1
TOP OF THE 3RD
Nolensville Knights batting - Pitching for Pennsauken Flyers : RHP Scott Alexander
Batting: SHB Govaart Baars 0-0: Fly out, F7 (Line Drive, 7, EV 93.1 MPH)
Batting: RHB Stu Taylor 0-0: Ball
1-0: Ball
2-0: Ball
3-0: Called Strike
3-1: Foul Ball, location: 2F
3-2: SINGLE (Groundball, 34D, EV 95.6 MPH)
Batting: LHB Jorge Mateu 0-0: Ball
1-0: Ball
2-0: Ball
3-0: Base on Balls
Stu Taylor to second
Batting: RHB Nick McGhee 0-0: Ball
1-0: Ball
2-0: Swinging Strike
2-1: Grounds into double play, 4-6-3 (Groundball, 4, EV 86.2 MPH)
Top of the 3rd over - 0 runs, 1 hit, 0 errors, 1 left on base; Nolensville 0 - Pennsauken 1
BOTTOM OF THE 3RD
Pennsauken Flyers batting - Pitching for Nolensville Knights : RHP Greg Poe
Batting: LHB Ethan Duffy 0-0: Called Strike
0-1: Foul Ball, location: 2F
0-2: Foul Ball, location: 2F
0-2: Ball
1-2: Ground out 4-3 (Groundball, 34, EV 96.2 MPH)
Batting: RHB Alain Grosjean 0-0: Called Strike
0-1: Swinging Strike
0-2: Strikes out swinging
Batting: LHB Rafael Barrueco 0-0: Ball
1-0: Foul Ball, location: 2F
1-1: Fly out, F8 (Flyball, 8RD, EV 98.8 MPH)
Bottom of the 3rd over - 0 runs, 0 hits, 0 errors, 0 left on base; Nolensville 0 - Pennsauken 1
TOP OF THE 4TH
Nolensville Knights batting - Pitching for Pennsauken Flyers : RHP Scott Alexander
Batting: LHB Russell Hamilton 0-0: Ball
1-0: Foul Ball, location: 2F
1-1: Ball
2-1: SINGLE (Line Drive, 89M, EV 91.2 MPH)
Batting: RHB Omar Luoa 0-0: Ball
1-0: Foul Ball, location: 2F
1-1: Called Strike
1-2: Fly out, F9 (Line Drive, 9D, EV 92.5 MPH)
Batting: RHB Dale Goodman 0-0: Ball
Russell Hamilton is caught stealing 2nd base 2-4
1-0: SINGLE (Groundball, 4MS, EV 65.6 MPH) (infield hit)
Batting: LHB Juan Jimínez 0-0: Ball
1-0: Called Strike
Dale Goodman steals 2nd base (no throw)
1-1: Ball
2-1: Swinging Strike
2-2: SINGLE (Groundball, 3D, EV 100.0 MPH)
Dale Goodman to third
Runner from 3rd tries for Home, SAFE, throw by RF to home
Batting: RHB Juan Perales 0-0: SINGLE (Groundball, 56D, EV 94.4 MPH)
Juan Jimínez to second
Batting: SHB Govaart Baars 0-0: Ground out 3-1 (Groundball, 34, EV 96.2 MPH)
Top of the 4th over - 1 run, 4 hits, 0 errors, 2 left on base; Nolensville 1 - Pennsauken 1
BOTTOM OF THE 4TH
Pennsauken Flyers batting - Pitching for Nolensville Knights : RHP Greg Poe
Batting: RHB Bras Castanheta 0-0: Called Strike
0-1: Ball
1-1: Foul Ball, location: 2F
1-2: Ball
2-2: Foul Ball, location: 2F
2-2: Ground out 2-3 (Groundball, 13S, EV 63.8 MPH)
Batting: SHB Obke Preesman 0-0: Called Strike
0-1: Ball
1-1: Ball
2-1: Ball
3-1: Base on Balls
Batting: RHB Dana O'Quinlevan 0-0: Foul Ball, location: 2F
0-1: Swinging Strike
0-2: Hit by Pitch
Obke Preesman to second
Pitching: LHP Ken French
Batting: RHB Juan Vázquez 0-0: Grounds into double play, 6-4-3 (Groundball, 6M, EV 98.8 MPH)
Bottom of the 4th over - 0 runs, 0 hits, 0 errors, 1 left on base; Nolensville 1 - Pennsauken 1
TOP OF THE 5TH
Nolensville Knights batting - Pitching for Pennsauken Flyers : RHP Scott Alexander
Batting: RHB Stu Taylor 0-0: Called Strike
0-1: Ball
1-1: SINGLE (Groundball, 4D, EV 102.5 MPH)
Batting: LHB Jorge Mateu 0-0: SINGLE (Line Drive, 7S, EV 110.6 MPH)
Stu Taylor to second
Batting: RHB Nick McGhee 0-0: Ball
1-0: Ball
2-0: Foul Ball, location: 2F
2-1: Called Strike
2-2: Fielders Choice at 2nd, 3-6 (Groundball, 3S, EV 83.8 MPH)
Stu Taylor to third
Pitching: LHP Robert Karabanov
Batting: LHB Russell Hamilton 0-0: Ball
1-0: Ball
2-0: Fly out, F8 (Flyball, 8LD, EV 105.6 MPH)
Runner from 3rd tags up, SCORES, throw by CF
Batting: RHB Omar Luoa 0-0: Foul Ball, location: 2F
0-1: SINGLE (Groundball, 34D, EV 102.5 MPH)
Nick McGhee to second
Runner from 2nd tries for 3rd, SAFE, no throw by RF
Batting: RHB Dale Goodman 0-0: Foul Ball, location: 2F
0-1: Ball
1-1: Ball
2-1: Ball
3-1: Ground out 1-3 (Groundball, P, EV 86.9 MPH)
Top of the 5th over - 1 run, 3 hits, 0 errors, 2 left on base; Nolensville 2 - Pennsauken 1
BOTTOM OF THE 5TH
Pennsauken Flyers batting - Pitching for Nolensville Knights : LHP Ken French
Batting: RHB Manuel Vallejo 0-0: Ball
1-0: Ball
2-0: Ground out 6-3 (Groundball, 6S, EV 88.8 MPH)
Batting: LHB Xiao-gang Qing 0-0: Called Strike
0-1: Foul Ball, location: 2F
0-2: Ball
1-2: Ball
2-2: Ball
3-2: Foul Ball, location: 2F
3-2: Base on Balls
Batting: LHB Ethan Duffy 0-0: Ball
1-0: DOUBLE (Groundball, 3L, EV 100.0 MPH)
Xiao-gang Qing to third
Batting: RHB Alain Grosjean 0-0: Ball
1-0: Ball
2-0: Foul Ball, location: 2F
2-1: Called Strike
2-2: Hit by Pitch
Batting: LHB Rafael Barrueco 0-0: Called Strike
0-1: Ball
1-1: Ball
2-1: Ball
3-1: Base on Balls
Xiao-gang Qing scores
Ethan Duffy to third
Alain Grosjean to second
Batting: RHB Bras Castanheta 0-0: Swinging Strike
0-1: Called Strike
0-2: Ball
1-2: SINGLE (Line Drive, 56D, EV 102.5 MPH)
Ethan Duffy scores
Alain Grosjean to third
Rafael Barrueco to second
Batting: SHB Obke Preesman 0-0: Called Strike
0-1: Ball
1-1: Ball
2-1: Ball
3-1: Fielders Choice at 2nd, 6-4 (Groundball, 6M, EV 86.2 MPH)
Alain Grosjean scores
Rafael Barrueco to third
Batting: RHB Dana O'Quinlevan 0-0: Ball
1-0: Called Strike
1-1: Ball
2-1: Ball
3-1: Fielders Choice at 2nd, 6-4 (Groundball, 6, EV 103.1 MPH)
Bottom of the 5th over - 3 runs, 2 hits, 0 errors, 2 left on base; Nolensville 2 - Pennsauken 4
TOP OF THE 6TH
Nolensville Knights batting - Pitching for Pennsauken Flyers : LHP Robert Karabanov
Batting: LHB Juan Jimínez 0-0: Called Strike
0-1: Ball
1-1: Ground out 6-3 (Groundball, 6, EV 87.5 MPH)
Batting: RHB Juan Perales 0-0: Foul Ball, location: 2F
0-1: Ball
1-1: Ball
2-1: Called Strike
2-2: Fly out, F8 (Flyball, 8RM, EV 75.6 MPH)
Batting: SHB Govaart Baars 0-0: Ball
1-0: Called Strike
1-1: Ground out 4-3 (Groundball, 4, EV 85.6 MPH)
Top of the 6th over - 0 runs, 0 hits, 0 errors, 0 left on base; Nolensville 2 - Pennsauken 4
BOTTOM OF THE 6TH
Pennsauken Flyers batting - Pitching for Nolensville Knights : LHP Ken French
Batting: RHB Juan Vázquez 0-0: Ball
1-0: Ball
2-0: Foul Ball, location: 2F
2-1: Ball
3-1: Ground out 4-3 (Groundball, 4, EV 85.6 MPH)
Batting: RHB Manuel Vallejo 0-0: Called Strike
0-1: Ball
1-1: Ground out 5-3 (Groundball, 56, EV 80.6 MPH)
Batting: LHB Xiao-gang Qing 0-0: Ball
1-0: Ball
2-0: SINGLE (Groundball, 56, EV 102.5 MPH)
Batting: LHB Ethan Duffy 0-0: Swinging Strike
0-1: Ball
1-1: Fly out, F9 (Line Drive, 9, EV 91.9 MPH)
Bottom of the 6th over - 0 runs, 1 hit, 0 errors, 1 left on base; Nolensville 2 - Pennsauken 4
TOP OF THE 7TH
Nolensville Knights batting - Pitching for Pennsauken Flyers : LHP Robert Karabanov
Batting: RHB Stu Taylor 0-0: Fly out, F5 (Line Drive, 5, EV 70.0 MPH)
Batting: LHB Jorge Mateu 0-0: Called Strike
0-1: Foul Ball, location: 2F
0-2: Ball
1-2: Foul Ball, location: 2F
1-2: Ball
2-2: Fly out, F8 (Line Drive, 8RD, EV 98.8 MPH)
Batting: RHB Nick McGhee 0-0: Ball
1-0: Called Strike
1-1: Foul Ball, location: 2F
1-2: Foul Ball, location: 2F
1-2: Strikes out swinging
Top of the 7th over - 0 runs, 0 hits, 0 errors, 0 left on base; Nolensville 2 - Pennsauken 4
BOTTOM OF THE 7TH
Pennsauken Flyers batting - Pitching for Nolensville Knights : LHP Ken French
Pitching: LHP Alex Calhoun
Batting: RHB Alain Grosjean 0-0: Ball
1-0: Ball
2-0: Swinging Strike
2-1: Fly out, F8 (Flyball, 8LXD, EV 93.1 MPH)
Batting: LHB Rafael Barrueco 0-0: Ball
1-0: Ball
2-0: Foul Ball, location: 2F
2-1: Fly out, F7 (Line Drive, 7, EV 111.9 MPH)
Batting: RHB Bras Castanheta 0-0: Ball
1-0: Ball
2-0: Ball
3-0: Base on Balls
Batting: SHB Obke Preesman 0-0: Ball
Bras Castanheta is caught stealing 2nd base 2-4
Bottom of the 7th over - 0 runs, 0 hits, 0 errors, 0 left on base; Nolensville 2 - Pennsauken 4
TOP OF THE 8TH
Nolensville Knights batting - Pitching for Pennsauken Flyers : LHP Robert Karabanov
Batting: LHB Russell Hamilton 0-0: Called Strike
0-1: Ball
1-1: SINGLE (Line Drive, 5D, EV 98.8 MPH)
Batting: RHB Omar Luoa 0-0: Ball
1-0: Called Strike
1-1: Foul Ball, location: 2F
1-2: Ball
2-2: Foul Ball, location: 2F
2-2: Strikes out swinging
Batting: RHB Dale Goodman 0-0: Ball
1-0: Called Strike
1-1: Fielders Choice at 2nd, 6-4 (Groundball, 6, EV 87.5 MPH)
Batting: LHB Juan Jimínez 0-0: Ball
1-0: Called Strike
1-1: Ball
2-1: Fly out, F8 (Flyball, 78D, EV 107.5 MPH)
Top of the 8th over - 0 runs, 1 hit, 0 errors, 1 left on base; Nolensville 2 - Pennsauken 4
BOTTOM OF THE 8TH
Pennsauken Flyers batting - Pitching for Nolensville Knights : LHP Alex Calhoun
Batting: SHB Obke Preesman 0-0: Called Strike
0-1: Fly out, F8 (Flyball, 8LS, EV 93.8 MPH)
Batting: RHB Dana O'Quinlevan 0-0: Ball
1-0: Called Strike
1-1: Foul Ball, location: 2F
1-2: Strikes out looking
Batting: RHB Juan Vázquez 0-0: Foul Ball, location: 2F
0-1: Swinging Strike
0-2: Ball
1-2: Strikes out swinging
Bottom of the 8th over - 0 runs, 0 hits, 0 errors, 0 left on base; Nolensville 2 - Pennsauken 4
TOP OF THE 9TH
Nolensville Knights batting - Pitching for Pennsauken Flyers : LHP Robert Karabanov
Pitching: RHP Suhaila Zainuddin
Now in LF: Robert Dawson
Now in RF: Sasha Orlovsky
Batting: RHB Juan Perales 0-0: Swinging Strike
0-1: Foul Ball, location: 2F
0-2: Ball
1-2: Ground out 4-3 (Groundball, 34, EV 82.5 MPH)
Batting: SHB Govaart Baars 0-0: Swinging Strike
0-1: Ball
1-1: Called Strike
1-2: Strikes out swinging
Batting: RHB Stu Taylor 0-0: Foul Ball, location: 2F
0-1: Swinging Strike
0-2: Foul Ball, location: 2F
0-2: Ball
1-2: Foul Ball, location: 2F
1-2: Ball
2-2: Ball
3-2: Foul Ball, location: 2F
3-2: Fly out, F4 (Popup, 23, EV 81.9 MPH)
Top of the 9th over - 0 runs, 0 hits, 0 errors, 0 left on base; Nolensville 2 - Pennsauken 4
Friday, March 26th, 2021 - OOTP Baseball 20.8 Build 74